 Dungeon Crawl Stone Soup version 0.19-a0-1292-g796ee4d (webtiles) character file.

42 jacquesderrida the Skirmisher (level 3, -2/20 HPs)
             Began as a Vine Stalker Wanderer on Aug 30, 2016.
             Was a Follower of the Shining One.
             Slain by a sky beast (4 damage)
             ... on level 3 of the Dungeon.
             The game lasted 00:01:46 (429 turns).

jacquesderrida the Skirmisher (VSWn)                 Turns: 429, Time: 00:01:47

Health: -2/20      AC:  2    Str: 13    XL:     3   Next: 56%
Magic:  0/4        EV: 12    Int: 13    God:    the Shining One [*.....]
Gold:   73         SH:  0    Dex: 14    Spells: 0 memorised, 2 levels left

rFire  . . .     SeeInvis .     a - +2 mace
rCold  . . .     Gourm    .     d - +0 robe
rNeg   . . .     Faith    .     (no shield)
rPois  .         Spirit   +     (no helmet)
rElec  .         Dismiss  .     (no cloak)
rCorr  .         Reflect  .     (no gloves)
MR     .....     Harm     .     (no boots)
Stlth  +.........               (no amulet)
                                (no ring)
                                (no ring)

@: glowing
A: fangs 2, magic shield, antimagic bite, no device heal 3, rot immunity
a: Renounce Religion


You were on level 3 of the Dungeon.
You worshipped the Shining One.
The Shining One was aware of your devotion.
You were not hungry.

You visited 1 branch of the dungeon, and saw 3 of its levels.

You collected 73 gold pieces.

Inventory:

Hand Weapons
 a - a +2 mace (weapon)
 e - a +0 dagger
Armour
 d - a +0 robe (worn)
Wands
 m - a wand of digging (12/24)
Scrolls
 g - 2 scrolls of identify {unknown}
 h - a scroll of remove curse {unknown}
 i - 2 scrolls of fear {unknown}
 j - a scroll of enchant weapon {unknown}
Potions
 b - a potion of curing
 c - a potion of lignification
 k - a potion of cancellation {unknown}
 n - a potion of resistance {unknown}
Comestibles
 f - a bread ration
 l - a chunk of flesh
 o - a meat ration


   Skills:
 - Level 3.6 Fighting
 + Level 3.4 Maces & Flails
 - Level 1.5 Dodging
 - Level 2.4 Stealth


You had 2 spell levels left.
You didn't know any spells.

Dungeon Overview and Level Annotations

Branches:
Dungeon (3/15)

Altars:
The Shining One


Innate Abilities, Weirdness & Mutations

You have extremely sharp teeth.
When hurt, damage is shared between your health and your magic reserves.
Your bite disrupts and absorbs the magic of your enemies.
Potions and wands cannot restore your health.
You are immune to rotting.


Message History

The hobgoblin is severely wounded.
The hobgoblin closely misses you.
You sock the hobgoblin!
You kill the hobgoblin!
The sky beast flickers out of sight!
Deactivating autopickup; reactivate with Ctrl-A.
You see here a hobgoblin corpse.
The sky beast misses you.
You sock the sky beast! Your bite misses the sky beast.
The sky beast is moderately wounded.
The sky beast hits you.
* * * LOW HITPOINT WARNING * * *
The sky beast shocks you.
* * * LOW HITPOINT WARNING * * *
The sky beast misses you.
You hit the sky beast. You bite the sky beast. You drain its power.
You feel invigorated.
The sky beast is heavily wounded.
The sky beast hits you. The sky beast shocks you.
You die...

g.### # .... ..
##... ... ####...
...{ . ..... ..≈..
.###+ #.#.#......
.....###.#<.......
#........)......
#.#.....@.........
#........Y...###+#
##....†........#
#.............#
##....#+#.#...#
+.>... #.#...#
#....# .#...#
#....# .# .#
#....#


You could see a sky beast (invisible).

Vanquished Creatures
  2 adders (D:2)
  A dart slug (D:2)
  A giant gecko (D:1)
  2 giant cockroaches (D:1)
  4 goblins
  5 hobgoblins
  3 bats
  2 giant newts (D:2)
  A rat (D:2)
21 creatures vanquished.

Notes
Turn   | Place    | Note
-------+----------+-------------------------------------------
     0 | D:1      | jacquesderrida the Vine Stalker Wanderer began the quest for the Orb.
     0 | D:1      | jacquesderrida set off with: a +2 mace, a potion of curing, a potion of lignification, a +0 robe, a +0 dagger, a bread ration
     0 | D:1      | Reached XP level 1. HP: 12/12 MP: 2/2
   107 | D:1      | Reached XP level 2. HP: 12/16 MP: 3/3
   234 | D:2      | Reached XP level 3. HP: 6/20 MP: 2/4
   334 | D:2      | Found a faded altar of an unknown god.
   407 | D:2      | Became a worshipper of the Shining One
   407 | D:2      | Reached * piety under the Shining One
   418 | D:3      | Noticed a sky beast
   429 | D:3      | Slain by a sky beast

Vault maps used:
D:1:      co_arrival_random_square_maze, minmay_misc_feat_alley,
          minmay_misc_feat_enclosed
D:2:      ecumenical_altar_1, grunt_ministairs_7
D:3:      gup_sewer_entry_bubbles

Skill      XL: |  1  2 |
---------------+-------+-----
Maces & Flails | 2 3 |  3.4
Fighting       | |  3.6
Dodging        | |  1.5
Stealth        | |  2.4

Action                   || total
-------------------------++-------
Melee: Mace              ||    50
       Bite              ||     5
 Stab: Sleeping          ||     2
Armor: Robe              ||     6
Dodge: Dodged            ||    28
